 Dungeon Crawl Stone Soup version 0.31-a0-175-g9f7f995f2b (webtiles) character file.

Game seed: 1563923466963064260

149 qw the Chopper (level 5, -4/32 HPs)
             Began as a Gargoyle Fighter on June 17, 2023.
             Slain by a gnoll
             ... wielding a +0 flail
              (8 damage)
             ... on level 4 of the Dungeon.
             The game lasted 00:01:28 (2670 turns).

qw the Chopper (Gargoyle Fighter)                   Turns: 2670, Time: 00:01:29

Health: -4/32      AC: 10    Str: 21    XL:     5   Next: 31%
Magic:  5/5        EV:  9    Int:  9    God:
Gold:   239        SH:  9    Dex:  9    Spells: 4/4 levels left

rFire   . . .        Y - +0 war axe
rCold   . . .        c - +0 buckler
rNeg    + + .        b - +0 scale mail
rPois   inf          (no helmet)
rElec   +            (no cloak)
rCorr   .            (no gloves)
SInv    .            (no boots)
Will    .....        l - amulet of reflection Stlth
                     k - ring of positive energy
HPRegen 0.25/turn    i - +4 ring of slaying {mikee}
MPRegen 0.09/turn

%: reflection
@: about to teleport
A: sickness immunity, AC +4, negative energy resistance 1, electricity
resistance, torment resistance 1, petrification resistance
a: no special abilities


You were on level 4 of the Dungeon.
You visited 1 branch of the dungeon, and saw 4 of its levels.

You collected 239 gold pieces.


Innate Abilities, Weirdness & Mutations

You are immune to sickness and miasma.
Your stone body is resilient. (AC +4)
You are immune to poison.
You resist negative energy. (rN+)
You are resistant to electric shocks. (rElec)
You are resistant to unholy torment.
You are immune to petrification.


   Skills:
 - Level 3.2 Fighting
 + Level 4.9 Axes
 - Level 3.2 Armour
 - Level 3.2 Shields


You had 4 spell levels left.
You didn't know any spells.
Your spell library was empty.

Inventory:

Hand Weapons
 n - a +0 mace
 Y - a +0 war axe (weapon)
Armour
 b - a +0 scale mail (worn)
 c - a +0 buckler (worn)
Jewellery
 i - a +4 ring of slaying (right hand) {mikee}
 k - a ring of positive energy (left hand)
 l - an amulet of reflection (around neck)
Scrolls
 a - 5 scrolls of teleportation
 g - a scroll of identify
Potions
 d - a potion of might
 f - a potion of lignification
 j - a potion of enlightenment {unknown}

Dungeon Overview and Level Annotations

Branches:
Dungeon (4/15)
 Temple: D:4-7

Altars:
Ashenzari
Cheibriados
Kikubaaqudgha
Nemelex Xobeh
Zin

Annotations:
D:1 exclusion: frilled lizard


Message History

The gnoll hits you with a +0 flail. You block the gnoll's attack.
The orc shouts!
You hit the gnoll.
The gnoll is lightly wounded.
The gnoll hits you from afar with a +0 spear.
A gnoll comes into view. It is wielding a +0 club.
The gnoll barely misses you.
You barely miss the gnoll.
The gnoll is lightly wounded.
You block the gnoll's attack. The gnoll closely misses you.
You barely miss the gnoll.
The gnoll is lightly wounded.
The gnoll barely misses you. x2; The gnoll closely misses you.
You closely miss the gnoll.
The gnoll is lightly wounded.
You hit the gnoll.
The gnoll hits you from afar with a +0 spear.
You block the gnoll's attack. x2
You closely miss the gnoll.
The gnoll is lightly wounded.
You hit the gnoll. The gnoll hits you with a +0 club.
The gnoll barely misses you. The gnoll hits you with a +0 flail!
You closely miss the gnoll.
The gnoll is moderately wounded.
You hit the gnoll. You block the gnoll's attack.
The gnoll hits you with a +0 club. You block the gnoll's attack.
2669 ||| READING 6 scrolls of teleportation.
As you read the scroll of teleportation, it crumbles to dust.
You feel strangely unstable.
An orc comes into view. It is wielding a +0 flail.
The gnoll hits you from afar with a +0 spear.
The gnoll barely misses you. x2
You hit the gnoll but do no damage.
The gnoll is severely wounded.
You barely miss the gnoll.
You block the gnoll's attack. x2; The gnoll hits you but does no damage.
The gnoll hits you with a +0 club. The gnoll hits you with a +0 flail!
You die...

........#.###.
####.#..#.#
####.#..#.#
..........#
####.#..###
#.#..######
#.#..##...#
#.........######.####
###..##....!.@ggo....
#....#######g#....#
...##. ..o .## ####
#.# .##.. #.# ## .#
#. # #.


You could see 3 gnolls and 2 orcs.

Vanquished Creatures
  An iguana (D:4)
  A gnoll (D:4)
  3 adders (D:2)
  An ufetubus (D:4)
  A worm (D:2)
  A dart slug (D:2)
  3 orcs
  8 ball pythons
  11 bats
  7 endoplasms
  4 giant cockroaches
  6 hobgoblins
  4 jackals
  2 kobolds (D:1)
  2 quokkas (D:2)
  4 frilled lizards
  5 goblins
  8 rats
72 creatures vanquished.

Notes
Turn   | Place    | Note
-------+----------+-------------------------------------------
     0 | D:1      | qw the Gargoyle Fighter began the quest for the Orb.
     0 | D:1      | Reached XP level 1. HP: 14/14 MP: 1/1
     0 | D:1      | 0 ||| qw: Version: 0.3-a-2-g5ab2908
     0 | D:1      | 0 ||| qw: Game counter: 358
     0 | D:1      | 0 ||| qw: Always use a shield: true
     0 | D:1      | 0 ||| qw: God list: Okawaru
     0 | D:1      | 0 ||| qw: Allow faded altars: false
     0 | D:1      | 0 ||| qw: Do Orc after D:15 true
     0 | D:1      | 0 ||| qw: Do second Lair branch before Depths: true
     0 | D:1      | 0 ||| qw: Lair rune preference: random
     0 | D:1      | 0 ||| qw: Plans: Normal, Zot:1-4, Slime:5, God:TSO, Crypt,
                  | Tomb, Abyss, Pan, Hells, Win
     0 | D:1      | 0 ||| PLANNING D:1-11
    67 | D:1      | Reached skill level 2 in Axes
    80 | D:1      | 80 ||| Stepping ~*~*~tactically~*~*~ (stealth).
    81 | D:1      | 81 ||| Stepping ~*~*~tactically~*~*~ (stealth).
    82 | D:1      | 82 ||| Stepping ~*~*~tactically~*~*~ (stealth).
    93 | D:1      | Reached XP level 2. HP: 16/19 MP: 2/2
   105 | D:1      | 105 ||| Stepping ~*~*~tactically~*~*~ (stealth).
   323 | D:1      | Reached skill level 3 in Axes
   338 | D:1      | 338 ||| Stepping ~*~*~tactically~*~*~ (stealth).
   387 | D:1      | Reached XP level 3. HP: 18/23 MP: 3/3
   505 | D:1      | 505 ||| Stepping ~*~*~tactically~*~*~ (stealth).
   558 | D:1      | 558 ||| UPGRADING to amulet of reflection.
   739 | D:1      | 739 ||| UPGRADING to ring of positive energy.
   740 | D:1      | 740 ||| READING scroll labelled JETWAALORHI.
   741 | D:1      | 741 ||| READING 2 scrolls labelled CONTAO ERGHE IQAE.
   742 | D:1      | 742 ||| READING scroll labelled QIPTEICOFI.
   758 | D:1      | 758 ||| READING scroll labelled JAYXTE OMEQU.
   759 | D:1      | 759 ||| READING scroll labelled BYSURA HYLL.
   760 | D:1      | 760 ||| READING scroll labelled KAMEOC LOACI.
  1113 | D:2      | Reached XP level 4. HP: 28/28 MP: 4/4
  1247 | D:2      | Reached skill level 4 in Axes
  1431 | D:2      | 1431 ||| Stepping ~*~*~tactically~*~*~ (hiding).
  1432 | D:2      | 1432 ||| Stepping ~*~*~tactically~*~*~ (hiding).
  1713 | D:2      | 1713 ||| UPGRADING to +4 ring of slaying {mikee}.
  1714 | D:2      | 1714 ||| READING 4 scrolls labelled GAPLIS DI HOV.
  1717 | D:2      | 1717 ||| READING scroll labelled ZOTOCUCZIV.
  1718 | D:2      | 1718 ||| DRINKING 2 smoky pink potions.
  1739 | D:2      | 1739 ||| DRINKING 2 clear potions.
  1740 | D:2      | 1740 ||| DROPPING potion of brilliance.
  1985 | D:3      | Found a glowing silver altar of Zin.
  1991 | D:3      | Found a broken altar of Ashenzari.
  1996 | D:3      | Found a snail-covered altar of Cheibriados.
  1996 | D:3      | Found a sparkling altar of Nemelex Xobeh.
  2003 | D:3      | Found an ancient bone altar of Kikubaaqudgha.
  2200 | D:3      | 2200 ||| DROPPING +0 whip.
  2561 | D:3      | 2561 ||| READING scroll labelled UPPI SIREINAI.
  2562 | D:3      | 2562 ||| READING scroll labelled GYASMU AZUEL.
  2609 | D:4      | Reached XP level 5. HP: 31/32 MP: 5/5
  2668 | D:4      | HP: 8/32 [gnoll/+0 club (2)]
  2669 | D:4      | 2669 ||| READING 6 scrolls of teleportation.
  2670 | D:4      | Slain by a gnoll

Levels and vault maps discovered:
D:1:      psy_arrival_radial02, layout_basic, minmay_vboxes
D:2:      layout_basic, minmay_statues_item
D:3:      layout_basic, nicolae_overflow_hallway_of_the_gods,
          corexii_hall_statues_u, minmay_crystal_water
D:4:      layout_loops_ring, minmay_temple_entry_wispy, gammafunk_ghost_grave

Skill      XL: |  1  2  3  4 |
---------------+-------------+-----
Axes           | 2 3 4 |  4.9
Fighting       | |  3.2
Armour         | |  3.2
Shields        | |  3.2

Action                     |  1- 3 |  4- 6 || total
---------------------------+-------+-------++-------
  Melee: War axe           |   134 |    97 ||   231
    Use: Scroll            |     6 |     5 ||    11
         Potion            |       |     2 ||     2
 Armour: Scale mail        |    77 |    38 ||   115
  Dodge: Dodged            |    57 |    35 ||    92
  Block: Buckler           |    36 |    44 ||    80

Table legend:
 A = Non-vault XP
 B = Vault XP
 C = Vault XP percentage of total XP
 D = Non-vault monster count
 E = Vault monster count
 F = Vault count percentage of total count
                 A         B        C        D         E       F
            +---------+---------+-------+---------+---------+-------
      Total |     206 |       8 |   3.7 |      67 |       5 |   6.9
            +---------+---------+-------+---------+---------+-------
        D:1 |      36 |       8 |  18.2 |      23 |       5 |  17.9
        D:2 |      79 |       0 |   0.0 |      23 |       0 |   0.0
        D:3 |      22 |       0 |   0.0 |      14 |       0 |   0.0
        D:4 |      69 |       0 |   0.0 |       7 |       0 |   0.0
            +---------+---------+-------+---------+---------+-------
